[Event "Silver Lake Open-A 2018"]
[Site "Veliko Gradiste"]
[Date "2018.06.22"]
[Round "7"]
[White "Filev, Georgi"]
[Black "Dinev, Dejan"]
[Result "1-0"]
[ECO "B42"]
[WhiteElo "2390"]
[BlackElo "2285"]
[Annotator "ChessBase"]
[PlyCount "111"]
[EventDate "2018.06.21"]
[EventType "swiss"]
[EventCountry "SRB"]
[SourceTitle "playchess.com"]
[Source "ChessBase"]
[SourceQuality "1"]
[TimeControl "40/5400+30:900+30"]

1. e4 c5 2. Nf3 e6 3. d4 cxd4 4. Nxd4 a6 5. Bd3 Nc6 6. Nxc6 bxc6 7. c4 d5 8. O-O Nf6 9. Nc3 d4 10. Na4 Nd7 11. f4 e5 12. f5 Be7 13. Bd2 c5 14. Rf3 Bb7 15. b3 Bc6 16. Nb2 a5 17. Rg3 g6 18. Qf3 g5 19. f6 Bxf6 20. Rf1 Qe7 21. Qh5 h6 22. Rgf3 Ra6 23. Nd1 Rf8 24. Nf2 Bb7 25. Ng4 Bg7 26. a4 Qe6 27. h4 Qg6 28. Qxg6 fxg6 29. Rxf8+ Nxf8 30. hxg5 h5 31. Nf6+ Bxf6 32. Rxf6 Rxf6 33. gxf6 Nd7 34. f7+ Kxf7 35. Bxa5 Nf6 36. Bd8 Nxe4 37. Bxe4 Bxe4 38. a5 Bb7 39. Bb6 d3 40. Kf2 Bxg2 41. Bxc5 h4 42. Be3 Ba8 43. b4 Kf6 44. a6 g5 45. b5 g4 46. b6 g3+ 47. Kf1 Bf3 48. b7 h3 49. b8=Q Be2+ 50. Ke1 h2 51. Qh8+ Kf5 52. a7 Bf3 53. a8=Q Bxa8 54. Qxa8 e4 55. Qd5+ Kg4 56. Qxe4+ {[%emt 0:00:10] Kg5} 1-0

[Event "Silver Lake Open-A 2018"]
[Site "Veliko Gradiste"]
[Date "2018.06.22"]
[Round "7"]
[White "Tosic, Miroslav"]
[Black "Kosanovic, Goran A"]
[Result "1-0"]
[ECO "D04"]
[WhiteElo "2384"]
[BlackElo "2345"]
[Annotator "NA"]
[PlyCount "55"]
[EventDate "2018.06.21"]
[EventType "swiss"]
[EventCountry "SRB"]
[SourceTitle "playchess.com"]
[Source "ChessBase"]
[SourceQuality "1"]
[TimeControl "40/5400+30:900+30"]

1. d4 d5 2. Nf3 Nf6 3. e3 c5 4. dxc5 Qa5+ 5. Nbd2 Qxc5 6. a3 g6 7. b4 Qc7 8. Bb2 Bg7 9. c4 dxc4 10. Bxc4 O-O 11. Rc1 Qd8 12. Qb3 Bd7 13. b5 Be8 14. O-O Nbd7 15. Rfd1 Rc8 16. a4 Nc5 17. Qa3 Nfd7 18. Bd4 b6 19. Bd5 e5 20. Bb2 Qe7 21. Ne4 Kh8 22. Bc6 Rc7 23. Rd5 f5 24. Nxc5 Nxc5 25. Rxe5 Bxe5 26. Nxe5 Kg8 27. Bd5+ Rf7 28. Nxg6 1-0

[Event "Silver Lake Open-A 2018"]
[Site "Veliko Gradiste"]
[Date "2018.06.22"]
[Round "7"]
[White "Konaplev, Anton"]
[Black "Marcetic, Nikola"]
[Result "0-1"]
[ECO "E59"]
[WhiteElo "2353"]
[BlackElo "2342"]
[Annotator "NA"]
[PlyCount "82"]
[EventDate "2018.06.21"]
[EventType "swiss"]
[EventCountry "SRB"]
[SourceTitle "playchess.com"]
[Source "ChessBase"]
[SourceQuality "1"]
[TimeControl "40/5400+30:900+30"]

1. d4 Nf6 2. c4 e6 3. Nc3 Bb4 4. e3 O-O 5. Bd3 d5 6. Nf3 c5 7. O-O dxc4 8. Bxc4 Nc6 9. a3 Bxc3 10. bxc3 b6 11. Ba2 Bb7 12. Qe2 Ne4 13. Bb2 Rc8 14. Rfd1 cxd4 15. exd4 Na5 16. Rac1 Nd6 17. Ne5 b5 18. a4 Ndc4 19. axb5 Qd5 20. f3 Qxb5 21. Rb1 Qa4 22. Bxc4 Nxc4 23. Ra1 Qb3 24. Nxc4 Rxc4 25. Rxa7 Rfc8 26. Ra3 Qb6 27. Qf2 Bd5 28. Rda1 h6 29. h3 Qb8 30. Re1 R4c6 31. Raa1 Rb6 32. Re2 Rb3 33. Rc1 Qf4 34. Rcc2 Bc4 35. Qe3 Qb8 36. Rf2 Qa7 37. Kh2 Rcb8 38. Bc1 Rb1 39. Rb2 R8xb2 40. Rxb2 Rxb2 41. Bxb2 Qb8+ 0-1

[Event "Silver Lake Open-A 2018"]
[Site "Veliko Gradiste"]
[Date "2018.06.22"]
[Round "7"]
[White "Rajkovic, Dusan"]
[Black "Kantorik, Marian"]
[Result "1/2-1/2"]
[ECO "D30"]
[WhiteElo "2351"]
[BlackElo "2260"]
[Annotator "NA"]
[PlyCount "66"]
[EventDate "2018.06.21"]
[EventType "swiss"]
[EventCountry "SRB"]
[SourceTitle "playchess.com"]
[Source "ChessBase"]
[SourceQuality "1"]
[TimeControl "40/5400+30:900+30"]

1. d4 d5 2. c4 e6 3. Nf3 c5 4. cxd5 exd5 5. g3 Nc6 6. Bg2 Nf6 7. O-O Be7 8. dxc5 Bxc5 9. Bg5 Be6 10. Nbd2 O-O 11. Nb3 Be7 12. Rc1 Ne4 13. Bxe7 Qxe7 14. Nbd4 Rac8 15. Qd3 Nxd4 16. Qxd4 a6 17. a3 Rfd8 18. Ne5 Nf6 19. Rfd1 h6 20. Bf3 Re8 21. Nd3 Bf5 22. Qb4 Qxb4 23. Nxb4 Be4 24. Rxc8 Rxc8 25. Nxd5 Bxd5 26. Bxd5 Nxd5 27. Rxd5 Rc2 28. Rd8+ Kh7 29. Rd7 Rxb2 30. Rxf7 b5 31. Ra7 Rxe2 32. Rxa6 Rb2 33. Kg2 b4 1/2-1/2

[Event "Silver Lake Open-A 2018"]
[Site "Veliko Gradiste"]
[Date "2018.06.22"]
[Round "7"]
[White "Injac, Teodora"]
[Black "Low, Zhen Yu Cyrus"]
[Result "1/2-1/2"]
[ECO "A48"]
[WhiteElo "2282"]
[BlackElo "2387"]
[Annotator "NA"]
[PlyCount "72"]
[EventDate "2018.06.21"]
[EventType "swiss"]
[EventCountry "SRB"]
[SourceTitle "playchess.com"]
[Source "ChessBase"]
[SourceQuality "1"]
[TimeControl "40/5400+30:900+30"]

1. d4 Nf6 2. Nf3 g6 3. Nbd2 d5 4. e3 Bg7 5. b4 a5 6. b5 c5 7. bxc6 Nxc6 8. Be2 O-O 9. O-O Bf5 10. Bb2 Qb6 11. Ba3 Rac8 12. c4 Rfe8 13. Rc1 Nb4 14. Qb3 dxc4 15. Nxc4 Qa6 16. Rfe1 b5 17. Nce5 Be6 18. Qb2 Nfd5 19. Nd3 Nxd3 20. Bxd3 Bd7 21. Qd2 Nb6 22. Rxc8 Bxc8 23. Qe2 Nc4 24. Bc5 Bd7 25. a4 e5 26. axb5 Bxb5 27. dxe5 Rb8 28. Rb1 Rc8 29. Bd4 a4 30. Nd2 Nxd2 31. Bxb5 Qa5 32. Rd1 Nb3 33. Bc4 Bxe5 34. Bxe5 Qxe5 35. Qd3 Nc5 36. Qc2 Kg7 1/2-1/2

[Event "Silver Lake Open-A 2018"]
[Site "Veliko Gradiste"]
[Date "2018.06.22"]
[Round "7"]
[White "Mastrapovic, Vladimir"]
[Black "Markovic, Zoran S"]
[Result "1/2-1/2"]
[ECO "B33"]
[WhiteElo "2237"]
[BlackElo "2350"]
[Annotator "NA"]
[PlyCount "76"]
[EventDate "2018.06.21"]
[EventType "swiss"]
[EventCountry "SRB"]
[SourceTitle "playchess.com"]
[Source "ChessBase"]
[SourceQuality "1"]
[TimeControl "40/5400+30:900+30"]

1. e4 c5 2. Nf3 Nc6 3. d4 cxd4 4. Nxd4 Nf6 5. Nc3 e5 6. Ndb5 d6 7. Bg5 a6 8. Na3 b5 9. Nd5 Be7 10. Bxf6 Bxf6 11. c4 b4 12. Nc2 a5 13. g3 O-O 14. Bg2 Be6 15. O-O Bxd5 16. Qxd5 Qb6 17. Qd3 Rfd8 18. h4 Be7 19. Ne3 Ra7 20. Rad1 a4 21. Rc1 Bf8 22. Rfd1 g6 23. Nd5 Qc5 24. g4 Nd4 25. Qd2 Rb8 26. g5 Bg7 27. Qe3 b3 28. a3 Ne6 29. Qg3 Nf4 30. Bf1 h5 31. Rd2 Qc8 32. Nc3 Bf8 33. Rcd1 Qc6 34. Nd5 Nxd5 35. Rxd5 Qc8 36. R1d2 Rba8 37. Be2 Rc7 38. Qf3 Qd8 1/2-1/2

[Event "Silver Lake Open-A 2018"]
[Site "Veliko Gradiste"]
[Date "2018.06.23"]
[Round "8"]
[White "Karavade, Eesha"]
[Black "Ioannidis, Evgenios"]
[Result "1/2-1/2"]
[ECO "B51"]
[WhiteElo "2399"]
[BlackElo "2339"]
[Annotator "NA"]
[PlyCount "35"]
[EventDate "2018.06.21"]
[EventType "swiss"]
[EventCountry "SRB"]
[SourceTitle "playchess.com"]
[Source "ChessBase"]
[SourceQuality "1"]
[TimeControl "40/5400+30:900+30"]

1. Nf3 c5 2. e4 d6 3. Bb5+ Nd7 4. d4 cxd4 5. Qxd4 a6 6. Bxd7+ Bxd7 7. c4 Rc8 8. Nc3 e5 9. Qd3 Qc7 10. b3 b5 11. Nd5 Qc6 12. Nd2 Nf6 13. Ne3 bxc4 14. bxc4 Be7 15. O-O O-O 16. Ba3 Rfd8 17. Rfc1 Qa4 18. Qb3 1/2-1/2

[Event "Silver Lake Open-A 2018"]
[Site "Veliko Gradiste"]
[Date "2018.06.23"]
[Round "8"]
[White "Stoyanov, Tsvetan"]
[Black "Mitev, Valentin"]
[Result "1/2-1/2"]
[ECO "C09"]
[WhiteElo "2363"]
[BlackElo "2086"]
[Annotator "NA"]
[PlyCount "51"]
[EventDate "2018.06.21"]
[EventType "swiss"]
[EventCountry "SRB"]
[SourceTitle "playchess.com"]
[Source "ChessBase"]
[SourceQuality "1"]
[TimeControl "40/5400+30:900+30"]

1. e4 e6 2. d4 d5 3. Nd2 c5 4. exd5 exd5 5. Ngf3 Nc6 6. Bb5 Qe7+ 7. Qe2 Qxe2+ 8. Kxe2 a6 9. Bxc6+ bxc6 10. dxc5 Bxc5 11. Nb3 Bd6 12. Be3 f6 13. Ne1 Rb8 14. Nd3 Bf5 15. Rab1 Ne7 16. Kd2 Bxd3 17. cxd3 Nf5 18. Rhc1 Nxe3 19. fxe3 Kd7 20. h3 Rb4 21. Rc3 Rhb8 22. Kc2 Re8 23. Kd2 Reb8 24. Kc2 Re8 25. Kd2 f5 26. Nc5+ 1/2-1/2

[Event "Silver Lake Open-A 2018"]
[Site "Veliko Gradiste"]
[Date "2018.06.24"]
[Round "9"]
[White "Kanakaris, Georgios"]
[Black "Low, Zhen Yu Cyrus"]
[Result "1-0"]
[ECO "A36"]
[WhiteElo "2399"]
[BlackElo "2387"]
[Annotator "ChessBase"]
[PlyCount "75"]
[EventDate "2018.06.17"]
[EventType "swiss"]
[EventCountry "SRB"]
[SourceTitle "playchess.com"]
[Source "ChessBase"]
[SourceQuality "1"]
[TimeControl "40/5400+30:900+30"]

1. c4 c5 2. Nc3 Nc6 3. g3 g6 4. Bg2 Bg7 5. e4 e6 6. Nge2 Nge7 7. O-O O-O 8. Rb1 d6 9. a3 b6 10. b4 Bb7 11. d3 Nd4 12. Nxd4 cxd4 13. Ne2 Qd7 14. Bb2 e5 15. Qb3 b5 16. cxb5 Qxb5 17. a4 Qd7 18. Ba3 d5 19. f3 Kh8 20. b5 f5 21. a5 Rfe8 22. a6 Bc8 23. Bc5 Rb8 24. Qa4 Ng8 25. exf5 gxf5 26. f4 e4 27. Nxd4 Bf8 28. Bxf8 Rxf8 29. Nc6 Rb6 30. Qd4+ Nf6 31. Bh3 Bxa6 32. Ne5 Qe6 33. bxa6 Rxa6 34. Rb7 Ra2 35. Nd7 Rf7 36. Nc5 Qe8 37. Rxf7 Qxf7 38. Rb1 1-0

[Event "Silver Lake Open-A 2018"]
[Site "Veliko Gradiste"]
[Date "2018.06.24"]
[Round "9"]
[White "Filev, Georgi"]
[Black "Baum, Jonasz"]
[Result "1/2-1/2"]
[ECO "B35"]
[WhiteElo "2390"]
[BlackElo "2230"]
[Annotator "NA"]
[PlyCount "40"]
[EventDate "2018.06.17"]
[EventType "swiss"]
[EventCountry "SRB"]
[SourceTitle "playchess.com"]
[Source "ChessBase"]
[SourceQuality "1"]
[TimeControl "40/5400+30:900+30"]

1. e4 c5 2. Nf3 Nc6 3. d4 cxd4 4. Nxd4 g6 5. Nc3 Bg7 6. Be3 Nf6 7. Bc4 O-O 8. Bb3 Re8 {[%emt 0:00:06] B35: Sicilian: Accelerated Dragon with 5 Nc3: main line} 9. O-O (9. f3 d5 10. exd5 Nb4 11. Nde2 e6 12. Bd4 exd5 13. O-O Be6 14. Bf2 d4 15. Nxd4 Bxb3 16. Nxb3 {½-½ (16) Jakovenko,D (2735)-Gelfand,B (2695) Poikovsky 2018}) 9... d6 10. h3 Na5 11. Re1 b6 {[%emt 0:01:14] LiveBook: 3 Games} 12. Qd3 Nxb3 13. axb3 Bb7 14. Bg5 Qc7 $146 ({Predecessor:} 14... a6 15. Nd5 e6 16. Nxf6+ Bxf6 17. Bxf6 Qxf6 {½-½ (51) Sebastian,D (2454)-Hausrath,D (2481) Germany 2016}) 15. b4 Nd7 16. Nd5 Bxd5 17. exd5 Ne5 18. Qe2 Qc4 19. Qxc4 Nxc4 20. Nc6 $11 Bxb2 1/2-1/2

[Event "Silver Lake Open-A 2018"]
[Site "Veliko Gradiste"]
[Date "2018.06.24"]
[Round "9"]
[White "Govedarica, Radovan"]
[Black "Vafiadis, Kleanthis"]
[Result "0-1"]
[ECO "B94"]
[WhiteElo "2355"]
[BlackElo "2247"]
[Annotator "NA"]
[PlyCount "56"]
[EventDate "2018.06.17"]
[EventType "swiss"]
[EventCountry "SRB"]
[SourceTitle "playchess.com"]
[Source "ChessBase"]
[SourceQuality "1"]
[TimeControl "40/5400+30:900+30"]

1. e4 c5 2. Nf3 d6 3. d4 cxd4 4. Nxd4 Nf6 5. Nc3 a6 6. Bg5 Nbd7 7. f4 Qc7 8. Qf3 {[%emt 0:00:54] B94: Sizilianisch (Najdorf-Variante mit 6.Lg5)} (8. g3 e6 9. Bg2 b5 10. e5 Bb7 11. exf6 gxf6 12. Nd5 Bxd5 13. Bxd5 exd5 14. Qe2+ Kd8 15. Bh4 Qc4 {1-0 (23) Zeng,C (2532)-Zhou,J (2615) Tianjin 2018}) 8... b5 9. O-O-O Bb7 10. Bxf6 Nxf6 11. Nd5 Nxd5 12. exd5 g6 13. Nb3 $146 ({Vorgänger:} 13. Qb3 Qc5 14. Nf3 Bg7 15. h4 Bc8 {½-½ (34) Ogleznev,A (2278)-Bulmaga,I (2364) Kishinev 2012}) 13... Bg7 14. Qd3 O-O 15. Be2 a5 16. Nd4 b4 17. Kb1 a4 ({Worse is} 17... Bxd5 18. Nb5 $16) 18. Bf3 Ra5 19. Nc6 Bxc6 20. dxc6 Rd8 21. h4 d5 22. h5 Qxc6 23. hxg6 hxg6 24. Qe3 b3 25. Rd2 bxa2+ 26. Kxa2 Rb8 27. c3 $19 Qc4+ 28. Kb1 a3 0-1

[Event "Silver Lake Open-A 2018"]
[Site "Veliko Gradiste"]
[Date "2018.06.24"]
[Round "9"]
[White "Konaplev, Anton"]
[Black "Cvetkovic, Srdjan"]
[Result "0-1"]
[ECO "D35"]
[WhiteElo "2353"]
[BlackElo "2250"]
[Annotator "ChessBase"]
[PlyCount "112"]
[EventDate "2018.06.17"]
[EventType "swiss"]
[EventCountry "SRB"]
[SourceTitle "playchess.com"]
[Source "ChessBase"]
[SourceQuality "1"]
[TimeControl "40/5400+30:900+30"]

1. d4 d5 2. c4 e6 3. Nc3 Nf6 4. cxd5 exd5 5. Bg5 Be7 6. e3 c6 7. Bd3 Nbd7 8. h3 Nf8 9. Qc2 Ne6 10. Bh4 Nh5 11. Bxe7 Qxe7 12. O-O-O Nf6 13. Nf3 Bd7 14. g4 h6 15. Ne5 O-O-O 16. f4 Kb8 17. Kb1 Rc8 18. h4 h5 19. f5 Nc7 20. g5 Ng4 21. Nxg4 hxg4 22. Qf2 Rce8 23. Rde1 Qd6 24. Rhg1 g3 25. Rxg3 Rxh4 26. Rg2 Reh8 27. a3 Ne8 28. Bc2 Qc7 29. Bd3 Rh2 30. e4 dxe4 31. Bxe4 Rxg2 32. Qxg2 Nd6 33. Rf1 Re8 34. Bd3 a6 35. Ka1 Nb5 36. Bxb5 axb5 37. Ne4 b4 38. axb4 b6 39. Qf3 Kb7 40. Rc1 g6 41. fxg6 fxg6 42. b5 Ra8+ 43. Kb1 Ra5 44. bxc6+ Bxc6 45. Qd3 Qf4 46. Nc3 Bd7 47. Re1 Bf5 48. Re7+ Kb8 49. Ne4 Qxg5 50. Re8+ Ka7 51. Qc4 Qg1+ 52. Kc2 Qg2+ 53. Kd3 Qf3+ 54. Kd2 Bxe4 55. Re7+ Bb7 56. b4 Ra1 0-1

[Event "Silver Lake Open-A 2018"]
[Site "Veliko Gradiste"]
[Date "2018.06.24"]
[Round "9"]
[White "Pantelic, Sasa"]
[Black "Parnali, S Dharia"]
[Result "0-1"]
[ECO "D35"]
[WhiteElo "2338"]
[BlackElo "2148"]
[Annotator "NA"]
[PlyCount "99"]
[EventDate "2018.06.17"]
[EventType "swiss"]
[EventCountry "SRB"]
[SourceTitle "playchess.com"]
[Source "ChessBase"]
[SourceQuality "1"]
[TimeControl "40/5400+30:900+30"]

1. d4 d5 2. c4 e6 3. Nc3 Nf6 4. cxd5 exd5 5. Bg5 Be7 6. e3 c6 7. Bd3 Nbd7 8. Qc2 Nh5 9. Bxe7 {[%emt 0:01:18] D36: Queen's Gambit Declined: Exchange Variation: Main line (5 Bg5 c6 6 Qc2)} Qxe7 10. O-O-O Nhf6 (10... Nb6 11. h3 Be6 12. Nge2 O-O-O 13. Kb1 Kb8 14. a4 Qb4 15. Nc1 Nc4 16. Ka1 Nf6 17. N3a2 Qe7 18. e4 g6 {½-½ (52) Wojtaszek,R (2745)-Onischuk,A (2682) Tbilisi 2017}) 11. Nge2 Nb6 12. h3 Be6 13. Nf4 $146 ({Predecessor:} 13. g4 O-O-O 14. Ng3 g6 15. Kb1 Kb8 16. Ka1 Ne8 17. f3 Ka8 18. h4 Nd6 19. h5 Qf6 20. Qg2 Rhe8 21. Rhe1 Bc8 22. hxg6 hxg6 {0-1 (64) Olay,E (2348)-Kim,A (2481) Subic Bay 2009}) 13... O-O-O 14. Nxe6 fxe6 15. f4 Kb8 16. g4 h6 17. Na4 Nxa4 18. Qxa4 c5 19. Qa3 Rc8 20. Kb1 Rc7 21. Rc1 Rhc8 22. Rc2 Ng8 23. dxc5 Rxc5 24. Rxc5 Rxc5 25. Qa4 Nf6 26. Rf1 $11 Ne4 27. Bxe4 Rc4 28. Qb3 Rxe4 29. Rc1 a6 30. a3 Ka7 31. Rc8 Qd6 32. Rg8 Qc7 33. h4 g5 34. hxg5 Qh7 35. Rc8 Rc4+ 36. g6 Qxg6+ 37. f5 exf5 38. Rxc4 dxc4 39. Qxc4 fxg4+ 40. Ka2 g3 41. Qd4+ Qb6 42. Qf4 Qe6+ 43. Ka1 Qg8 44. e4 g2 45. Qf2+ Ka8 46. Qg1 h5 47. e5 h4 48. e6 h3 49. e7 Qe8 50. Kb1 0-1

[Event "Silver Lake Open-A 2018"]
[Site "Veliko Gradiste"]
[Date "2018.06.24"]
[Round "9"]
[White "Krstulovic, Alex"]
[Black "Karavade, Eesha"]
[Result "1/2-1/2"]
[ECO "D38"]
[WhiteElo "2305"]
[BlackElo "2399"]
[Annotator "NA"]
[PlyCount "43"]
[EventDate "2018.06.17"]
[EventType "swiss"]
[EventCountry "SRB"]
[SourceTitle "playchess.com"]
[Source "ChessBase"]
[SourceQuality "1"]
[TimeControl "40/5400+30:900+30"]

1. d4 Nf6 2. c4 e6 3. Nf3 d5 4. Nc3 Bb4 5. Bg5 h6 6. Bxf6 Qxf6 7. Qb3 c5 8. cxd5 exd5 9. a3 Bxc3+ 10. Qxc3 Nd7 11. e3 O-O 12. Be2 b6 13. O-O {D38: Queen's Gambit Declined: Ragozin Defence (4 Nf3 Bb4)} Bb7 {LiveBook: 29 Games} 14. Rac1 (14. a4 a5 15. b3 Rfc8 16. Rac1 Rc7 17. Rc2 Rac8 18. Rfc1 Qd6 19. h3 Nf8 20. Qb2 Ne6 {½-½ (43) Dominguez Perez,L (2720)-Wojtaszek,R (2736) Baku 2016}) 14... Rac8 15. dxc5 $146 ({Predecessor:} 15. b4 Qd6 16. bxc5 bxc5 17. dxc5 Rxc5 18. Qb4 Rfc8 19. Rxc5 Nxc5 20. Nd4 g6 {1-0 (36) Petrosyan,T (2441)-Vehi Bach,V (2330) Badalona 2015}) 15... Qxc3 16. Rxc3 Rxc5 17. Rxc5 Nxc5 18. Nd4 Ne6 19. Nf5 Rd8 20. Bf3 Kf8 21. Rc1 $11 Rd7 22. h4 1/2-1/2

[Event "Silver Lake Open-A 2018"]
[Site "Veliko Gradiste"]
[Date "2018.06.24"]
[Round "9"]
[White "Desnica, Vladan"]
[Black "Stoyanov, Tsvetan"]
[Result "1-0"]
[ECO "E21"]
[WhiteElo "2300"]
[BlackElo "2363"]
[Annotator "NA"]
[PlyCount "111"]
[EventDate "2018.06.17"]
[EventType "swiss"]
[EventCountry "SRB"]
[SourceTitle "playchess.com"]
[Source "ChessBase"]
[SourceQuality "1"]
[TimeControl "40/5400+30:900+30"]

1. d4 Nf6 2. Nf3 e6 3. c4 Bb4+ 4. Nc3 b6 5. Bg5 Bxc3+ {[%emt 0:03:20] E21: Nimzo-Indian: 4 Nf3} 6. bxc3 Bb7 7. Nd2 d6 8. f3 Nbd7 {[%emt 0:09:58] LiveBook: 12 Games} 9. e4 e5 10. Bd3 Qe7 11. Nf1 h6 12. Bh4 c6 $146 ({Predecessor:} 12... g5 13. Bf2 Nh5 14. Ne3 Nf4 15. O-O c5 16. Bc2 Rd8 {0-1 (39) Gelfand,B (2758)-Morozevich,A (2750) Moscow 2009}) 13. Ne3 g6 14. O-O Qf8 15. c5 dxc5 16. dxe5 g5 {[%emt 0:00:13] [#]} 17. Bg3 $1 ({Resist} 17. exf6 $6 gxh4 18. e5 O-O-O $18) 17... Nh5 18. Nf5 O-O-O 19. e6 fxe6 20. Bd6 exf5 21. Bxf8 Rhxf8 22. Qa4 Nf4 23. Ba6 b5 24. Bxb7+ Kxb7 25. Qc2 Ne5 26. exf5 Nc4 27. f6 Rxf6 28. Rad1 $16 Nd5 29. Rfe1 Kb6 30. Qh7 Rfd6 31. Rxd5 cxd5 32. Re7 Na5 33. Rxa7 Rc8 34. Rd7 Rcc6 35. Qe7 Rxd7 36. Qxd7 Nc4 37. Qd8+ Rc7 38. Qxd5 Ra7 39. Qe6+ Kb7 40. Qe7+ Kb6 41. Qf6+ Ka5 42. Qxh6 b4 43. Qxg5 Kb5 44. cxb4 Kxb4 45. h4 Na3 46. Qd2+ Ka4 47. h5 c4 48. h6 Rc7 49. Qd1+ Ka5 50. Qd5+ Nb5 51. Qf5 c3 52. h7 c2 53. Qxc2 Rxc2 54. h8=Q Kb4 55. Qf8+ Kc4 56. Qc8+ 1-0

[Event "Silver Lake Open-A 2018"]
[Site "Veliko Gradiste"]
[Date "2018.06.24"]
[Round "9"]
[White "Cerovic, Danilo"]
[Black "Savicevic, Vlatko"]
[Result "1-0"]
[ECO "C10"]
[WhiteElo "2292"]
[BlackElo "2354"]
[Annotator "NA"]
[PlyCount "45"]
[EventDate "2018.06.17"]
[EventType "swiss"]
[EventCountry "SRB"]
[SourceTitle "playchess.com"]
[Source "ChessBase"]
[SourceQuality "1"]
[TimeControl "40/5400+30:900+30"]

1. e4 e6 2. d4 d5 3. Nc3 h6 4. Bd3 dxe4 5. Nxe4 Nf6 6. Nf3 Nbd7 7. Qe2 $14 Nxe4 8. Bxe4 Bd6 9. Bd2 Qf6 10. O-O-O Bf4 11. Bxf4 Qxf4+ 12. Kb1 Qd6 13. h4 c6 14. Ne5 Nf6 15. g4 Bd7 16. g5 Nxe4 17. Qxe4 Qe7 18. Qf4 hxg5 19. hxg5 O-O-O 20. Nxf7 Rxh1 21. Rxh1 Rf8 22. Nd6+ Kc7 23. Nb5+ 1-0

[Event "Silver Lake Open-A 2018"]
[Site "Veliko Gradiste"]
[Date "2018.06.24"]
[Round "9"]
[White "Mitev, Valentin"]
[Black "Marcetic, Nikola"]
[Result "1/2-1/2"]
[ECO "D35"]
[WhiteElo "2086"]
[BlackElo "2342"]
[Annotator "NA"]
[PlyCount "116"]
[EventDate "2018.06.17"]
[EventType "swiss"]
[EventCountry "SRB"]
[SourceTitle "playchess.com"]
[Source "ChessBase"]
[SourceQuality "1"]
[TimeControl "40/5400+30:900+30"]

1. d4 d5 2. c4 e6 3. Nc3 Nf6 4. cxd5 exd5 5. Bg5 Be7 6. e3 c6 7. Qc2 Nbd7 8. Bd3 Nh5 9. Bxe7 Qxe7 10. Nge2 g6 11. O-O O-O 12. Rae1 {[%emt 0:05:29] D36: Queen's Gambit Declined: Exchange Variation: Main line (5 Bg5 c6 6 Qc2)} (12. Rab1 a5 13. Rbe1 Nb6 14. Nc1 Ng7 15. f3 Bf5 16. e4 dxe4 17. fxe4 Be6 18. Qf2 f5 19. exf5 Nxf5 20. Nb3 Ng7 21. Qe3 Rxf1+ 22. Rxf1 Re8 23. Nc5 Bf5 {½-½ (23) Korobov,A (2711)-Yilmaz,M (2630) Khanty-Mansiysk 2017}) 12... f5 13. Nc1 Qg5 $146 ({Predecessor:} 13... Ndf6 14. f3 Bd7 15. a3 Qd6 16. Qd2 f4 17. e4 dxe4 18. Bc4+ Be6 19. Nxe4 Nxe4 20. Bxe6+ Qxe6 21. Rxe4 {1-0 (44) Gonzalez Garcia,J (2494)-Doghri,N (2364) Turin 2006}) 14. f3 Ndf6 15. b4 a6 16. Nb3 f4 17. e4 dxe4 18. Nxe4 Nxe4 19. Rxe4 Bf5 20. Re5 Ng7 21. Nc5 Rad8 22. Qc4+ Kh8 23. Bxf5 Rxf5 24. Nxb7 Rxd4 25. Qxd4 Rxe5 26. Nd8 $11 (26. h4 $5 Qe7 27. Qxf4 $16) 26... Rd5 27. Nf7+ Kg8 28. Qxg7+ Kxg7 29. Nxg5 Rxg5 30. Rc1 Rb5 31. Rc4 a5 32. a3 axb4 33. axb4 g5 34. h4 gxh4 35. Kh2 h6 36. Kh3 Rg5 37. Rxc6 Rg3+ 38. Kxh4 Rxg2 39. Rc4 Kg6 40. Rxf4 Rb2 41. Rc4 Kf5 42. Kg3 Rb3 43. Rc5+ Kf6 44. b5 Rb4 45. Rc6+ Kg5 46. f4+ Kf5 47. Rc5+ Ke6 48. Kg4 Rb1 49. Rc6+ Kd7 50. Rb6 Kc7 51. Rxh6 Rxb5 52. Re6 Kd7 53. Re3 Rb8 54. f5 Rg8+ 55. Kf4 Re8 56. Ra3 Ke7 57. Ra6 Kf7 58. Rb6 Re1 {[%emt 0:00:09] Ke4} 1/2-1/2